 Dungeon Crawl Stone Soup version 0.25-a0-294-gea9b1ad (webtiles) character file.

Game seed: 12139772428904489434, levelgen mode: deterministic

511 15 the Caller (level 7, -2/48 HPs)
             Began as a Merfolk Summoner on Dec 17, 2019.
             Was an Initiate of Sif Muna.
             Slain by a hornet zombie (13 damage)
             ... on level 6 of the Dungeon.
             The game lasted 00:32:49 (6942 turns).

15 the Caller (Merfolk Summoner)                    Turns: 6942, Time: 00:32:49

Health: -2/48      AC:  4    Str: 10    XL:     7   Next: 19%
Magic:  5/13       EV: 14    Int: 14    God:    Sif Muna [......]
Gold:   242        SH:  0    Dex: 15    Spells: 4/14 levels left

rFire    . . .     SeeInvis .   j - +0 spear
rCold    . . .     Gourm    .   (no shield)
rNeg     . . .     Faith    .   a - +0 robe
rPois    .         Spirit   .   l - +1 helmet
rElec    .         Reflect  .   (no cloak)
rCorr    .         Harm     .   (no gloves)
MR       .....                  (no boots)
Stlth    ++........             (no amulet)
HPRegen  0.16/turn              (no ring)
MPRegen  0.13/turn              (no ring)

@: no status effects
A: change form in water, swift swim, stealthy swim
a: Renounce Religion


You were on level 6 of the Dungeon.
You worshipped Sif Muna.
Sif Muna was noncommittal.
You were hungry.

You visited 2 branches of the dungeon, and saw 7 of its levels.

You collected 242 gold pieces.

Inventory:

Hand Weapons
 h - a +0 short sword
 j - a +0 spear (weapon)
Armour
 a - a +0 robe (worn)
 l - a +1 helmet (worn)
 s - a +1 hat
Jewellery
 e - an uncursed amulet of rage {unknown}
Wands
 m - a wand of paralysis (4)
Scrolls
 d - a scroll of amnesia
 g - a scroll of enchant weapon
 k - 3 scrolls of remove curse
 q - a scroll of teleportation
 r - a scroll of magic mapping {unknown}
Potions
 b - a potion of brilliance {unknown}
 f - 2 potions of haste
 i - a potion of curing
 n - 2 potions of heal wounds
 p - a potion of degeneration {unknown}
Comestibles
 c - 4 rations


   Skills:
 + Level 1.2 Fighting
 + Level 0.9 Short Blades
 + Level 2.6 Polearms
 * Level 4.3 Dodging
 + Level 2.7 Stealth
 + Level 4.0 Spellcasting
 + Level 5.5 Summonings
 * Level 1.7 Ice Magic
 * Level 1.2 Evocations


You had 4 spell levels left.
You knew the following spells:

 Your Spells              Type           Power        Failure   Level  Hunger
a - Summon Small Mammal   Summ           ###.         1%          1    None
b - Call Imp              Summ           ###.....     3%          2    ##.....
c - Call Canine Familiar  Summ           ###.....     6%          3    ###....
d - Summon Ice Beast      Ice/Summ       ##......     38%         4    ####...

Your spell library contained the following spells:

 Spells                   Type           Power        Failure   Level  Hunger
 Corona                   Hex            #......      19%         1    None
 Summon Guardian Golem    Hex/Summ       ##......     19%         3    ###....
 Ensorcelled Hibernation  Hex/Ice        #.....       21%         2    ##.....
 Confuse                  Hex            #.......     50%         3    ###....
 Dazzling Flash           Conj/Hex       #.....       50%         3    ###....
 Tukima's Dance           Hex            #.......     50%         3    ###....
 Summon Lightning Spire   Summ/Air       ##......     52%         4    ####...


Dungeon Overview and Level Annotations

Branches:
Dungeon (6/15)             Temple (1/1) D:5

Altars:
Ashenzari
Cheibriados
Dithmenos
Elyvilon
Fedhas
Gozag
Hepliaklqana
Makhleb
Nemelex Xobeh
Okawaru
Qazlal
Ru
Sif Muna
Trog
Uskayaw
Vehumet
Xom
Yredelemnul
Zin
The Shining One


Message History

Your white imp gestures at the hornet zombie.
The puff of frost hits the hornet zombie.
The hornet zombie resists.
Your hound bites the hornet zombie but does no damage.
The hornet zombie closely misses you.
Your hound bites the hornet zombie.
Your white imp closely misses the hornet zombie.
The hornet zombie hits you.
* * * LOW HITPOINT WARNING * * *
Your hound bites the hornet zombie.
Your white imp gestures at the hornet zombie.
The puff of frost hits the hornet zombie but does no damage.
Your hound closely misses the hornet zombie.
The hornet zombie hits your white imp!
Your white imp dies!
Your hound bites the hornet zombie.
Your white imp barely misses the hornet zombie.
You swap places.
Your hound bites the hornet zombie but does no damage.
The hornet zombie hits you!
You die...

... ..
../.. ..##
........$
.......#
..#.#.#
#.#.#.#
#.....#
#..##.#
#####.@h..#
#.....5Z#.#
#.####..#<#
..#.###
##.#.#
#.#.# #.#..
#.#..
#.#...


You could see a hornet zombie, a friendly hound and a friendly white imp.

Vanquished Creatures
  A crimson imp (D:5)
  A hound (D:4)
  2 worker ants (D:4)
  3 adders
  A worm (D:5)
  2 dart slugs (D:1)
  An orc (D:5)
  6 bats
  A giant cockroach (D:4)
  2 gnoll zombies (D:5)
  2 goblins (D:2)
  3 hobgoblins
  A jackal (D:5)
  4 kobolds (D:1)
  A ball python (D:1)
  A frilled lizard (D:1)
  2 rats
  A plant (D:1)
35 creatures vanquished.

Vanquished Creatures (collateral kills)
  A phantom (D:4)
  2 centaurs (D:5)
  2 crimson imps (D:5)
  3 hounds (D:4)
  2 orc priests (D:5)
  An iguana (D:5)
  2 worker ants (D:4)
  9 adders
  3 worms
  2 dart slugs
  2 leopard geckos
  2 orcs (D:5)
  2 giant cockroaches
  5 goblins
  2 hobgoblins (D:2)
  4 jackals
  A quokka (D:3)
  4 bats
  A frilled lizard (D:4)
  A jackal skeleton (D:5)
  5 kobolds
  A quokka skeleton (D:5)
  4 rats (D:1)
61 creatures vanquished.

Grand Total: 96 creatures vanquished

Notes
Turn   | Place    | Note
-------+----------+-------------------------------------------
     0 | D:1      | 15 the Merfolk Summoner began the quest for the Orb.
     0 | D:1      | Reached XP level 1. HP: 13/13 MP: 3/3
   370 | D:1      | Reached XP level 2. HP: 9/19 MP: 0/5
   638 | D:1      | Learned a level 2 spell: Call Imp
  1408 | D:1      | Reached XP level 3. HP: 18/24 MP: 1/6
  1834 | D:2      | HP: 1/24 [poisoned by an adder]
  1928 | D:2      | Learned a level 3 spell: Call Canine Familiar
  2696 | D:2      | Found a burning altar of Makhleb.
  2696 | D:2      | Noticed a blizzard demon
  2700 | D:2      | Noticed a neqoxec
  2700 | D:2      | Noticed a neqoxec
  2828 | D:2      | Reached XP level 4. HP: 16/30 MP: 2/7
  3026 | D:2      | Found a faded altar of an unknown god.
  3981 | D:4      | Reached skill level 5 in Summonings
  3981 | D:4      | Reached XP level 5. HP: 29/36 MP: 2/9
  3990 | D:4      | Reached skill level 1 in Polearms
  4002 | D:4      | Learned a level 4 spell: Summon Ice Beast
  4246 | D:4      | Reached skill level 1 in Fighting
  4470 | D:4      | Noticed a phantom
  4497 | D:4      | Killed a phantom
  4497 | D:4      | Reached skill level 1 in Ice Magic
  4497 | D:4      | Reached XP level 6. HP: 23/43 MP: 3/11
  5215 | D:5      | Entered Level 5 of the Dungeon
  5641 | D:5      | Found a shattered altar of Ashenzari.
  5856 | D:5      | Found a staircase to the Ecumenical Temple.
  5870 | Temple   | Entered the Ecumenical Temple
  6164 | Temple   | Became a worshipper of Sif Muna the Loreminder
  6289 | D:5      | Reached skill level 1 in Evocations
  6289 | D:5      | Reached XP level 7. HP: 45/48 MP: 1/12
  6361 | D:5      | Found a radiant altar of Vehumet.
  6697 | D:5      | Found a sacrificial altar of Ru.
  6791 | D:5      | Found a basalt altar of Yredelemnul.
  6942 | D:6      | Slain by a hornet zombie

Levels and vault maps discovered:
D:1:      dpeg_arrival_tiny_f, layout_basic, serial_forest,
          infiniplex_forest_clump_medium, infiniplex_forest_clump_small,
          infiniplex_forest_end_double, infiniplex_forest_lined_2
D:2:      layout_basic, chequers_ecumenical_altar_simple_redux,
          makhleb_altar_promises_db
D:3:      layout_basic, minmay_misc_feat_nine_boxes
D:4:      layout_layer_cave, kennysheep_generic_room_5
D:5:      layout_basic, lemuel_zombie_altar_yredelemnul,
          nicolae_ru_path_of_blood, lemuel_doored_altar,
          nicolae_overflow_hidden_temple, minmay_temple_entry_large_hall,
          first_ration, chequers_serial_rivers_micro_b, wad_floor_pattern_2,
          cheibrodos_ashenzari_chains
D:6:      layout_basic, kennysheep_cluttered_room, uniq_crazy_yiuf_cottage,
          uniq_pikel, uniq_edmund, uniq_grinder, uniq_menkaure
Temple:   minmay_temple_bridge_d

Skill      XL: |  1  2  3  4  5  6  7 |
---------------+----------------------+-----
Dodging        | 3 4 |  4.3
Spellcasting   | 3 4 |  4.0
Summonings     | 5 |  5.5
Polearms       | 1 2 |  2.6
Fighting       | 1 |  1.2
Ice Magic      | 1 |  1.7
Evocations     | 1 |  1.2
Short Blades   | |  0.9
Stealth        | |  2.7

Action                   |  1- 3 |  4- 6 |  7- 9 || total
-------------------------+-------+-------+-------++-------
Melee: Unarmed           |    19 |       |       ||    19
       Dagger            |    74 |       |       ||    74
       Short sword       |   125 |       |       ||   125
       Spear             |    26 |   142 |    36 ||   204
 Cast: Summon Small Mamm |    31 |     4 |       ||    35
       Call Imp          |    14 |    28 |     6 ||    48
       Call Canine Famil |     7 |    23 |     2 ||    32
  Use: Scroll            |     4 |     3 |     2 ||     9
       Potion            |     4 |     2 |       ||     6
 Stab: Sleeping          |     2 |     5 |     1 ||     8
       Distracted        |     1 |     1 |       ||     2
       Invisible         |       |     1 |       ||     1
  Eat: Chunk             |     9 |     7 |     3 ||    19
       Ration            |       |     2 |       ||     2
Armor: Robe              |    44 |    23 |     5 ||    72
Dodge: Dodged            |   110 |   127 |    25 ||   262

Table legend:
 A = Non-vault XP
 B = Vault XP
 C = Vault XP percentage of total XP
 D = Non-vault monster count
 E = Vault monster count
 F = Vault count percentage of total count
                 A         B        C        D         E       F
            +---------+---------+-------+---------+---------+-------
      Total |     687 |      44 |   6.0 |      91 |       4 |   4.2
            +---------+---------+-------+---------+---------+-------
        D:1 |      34 |       0 |   0.0 |      25 |       0 |   0.0
        D:2 |      68 |       0 |   0.0 |      21 |       0 |   0.0
        D:3 |      26 |       0 |   0.0 |      10 |       0 |   0.0
        D:4 |     251 |      41 |  14.0 |      16 |       2 |  11.1
        D:5 |     308 |       3 |   1.0 |      19 |       2 |   9.5
            +---------+---------+-------+---------+---------+-------
